Map: Altitude LE

Players

A.I. 1 (Very Easy) - Winner!

  • Race: Protoss Protoss
  • Spawn Location: 1:00

TrustyShacky

  • Race: Terran Terran
  • League: Platinum
  • Spawn Location: 7:00

VOD

Have the link to the VOD?

Description

Time

  • Played on: Feb. 18, 2023, 12:53 a.m.
  • Length: 9:42
Show
View Real Time Build Order
Export as new Build Order

A.I. 1 (Very Easy) Protoss - Winner!

Build Orders:  

Get SALT Encoding   

  12  0:00  Probe  
  13  0:13  Probe  
  14  0:21  Pylon  
  14  0:37  Assimilator  
  14  0:43  Gateway  
  14  0:45  Pylon  
  14  1:13  Assimilator  
  14  1:17  Probe  
  14  1:25  Probe  
  16  1:33  Cybernetics Core, Probe  
  17  1:44  Probe  
  18  1:55  Probe  
  18  1:59  Warp Gate  
  19  2:03  Probe  
  20  2:11  Stalker  
  22  5:22  Zealot  
  22  5:23  Probe  
  22  5:25  Pylon  
  22  5:26  Robotics Facility  
  25  5:32  Probe  
  26  5:40  Probe  
  26  5:49  Probe  
  28  5:58  Pylon  
  28  6:02  Probe  
  27  6:12  Probe  
  27  6:13  Observer  
  27  6:15  Zealot  
  31  6:35  Observer  
  32  7:08  Stalker  
  34  7:16  Nexus  
  34  8:25  Probe  
  34  8:28  Observer  
  35  8:36  Probe  
  35  8:40  Probe  
  36  8:43  Assimilator  
  36  8:47  Assimilator  
  37  8:50  Probe  
  38  8:57  Probe  
  39  9:04  Probe  
  40  9:11  Probe  
  41  9:19  Probe  
  42  9:24  Probe  
Show
View Real Time Build Order
Export as new Build Order

TrustyShacky Terran 

Build Orders:  

Get SALT Encoding   

  12  0:00  SCV  
  13  0:12  SCV  
  14  0:18  Supply Depot  
  14  0:24  SCV  
  15  0:39  SCV  
  15  0:41  Barracks  
  16  0:45  Refinery  
  16  0:51  SCV  
  17  1:04  SCV  
  18  1:16  SCV  
  19  1:27  Marine  
  19  1:28  Orbital Command  
  20  1:46  Command Center  
  21  1:55  SCV  
  21  1:59  Supply Depot  
  21  2:07  SCV  
  22  2:13  Factory  
  22  2:16  Barracks Reactor  
  22  2:20  SCV  
  23  2:25  Refinery  
  23  2:32  SCV  
  23  2:36  Bunker  
  24  2:44  SCV  
  25  2:51  Marine  
  25  2:52  Marine  
  25  2:56  SCV  
  28  2:59  Starport  
  28  3:05  Orbital Command  
  28  3:09  Widow Mine  
  30  3:14  SCV  
  31  3:20  Marine x2  
  31  3:25  Supply Depot  
  31  3:26  SCV  
  34  3:30  Widow Mine  
  34  3:32  SCV  
  37  3:35  Medivac  
  39  3:42  Marine  
  39  3:43  Marine  
  39  3:45  SCV  
  39  3:46  SCV  
  43  3:52  Factory Tech Lab  
  43  3:56  Barracks  
  43  3:58  SCV x2  
  45  4:03  Supply Depot  
  45  4:10  SCV  
  45  4:13  SCV  
  45  4:15  Raven, Factory Tech Lab, Engineering Bay  
  45  4:16  Marine  
  50  4:17  Marine  
  51  4:24  Barracks  
  51  4:26  SCV  
  51  4:27  SCV  
  53  4:38  SCV  
  53  4:39  SCV  
  53  4:41  Terran Infantry Weapons Level 1, Refinery  
  53  4:42  Factory Reactor  
  53  4:44  Marine x2  
  57  4:50  SCV, Supply Depot  
  57  4:51  SCV  
  42  4:52  Stimpack  
  59  4:59  Marine  
  60  5:02  Marine x2  
  62  5:12  SCV x2  
  64  5:14  Supply Depot  
  64  5:19  Marine  
  64  5:20  Combat Shield  
  65  5:21  Marine x2  
  65  5:22  Marine  
  65  5:24  SCV x2  
  70  5:31  Factory Reactor  
  70  5:35  Medivac  
  70  5:36  SCV x2  
  70  5:37  Marine  
  70  5:38  Medivac  
  70  5:39  Marine, Supply Depot  
  78  5:42  Refinery  
  78  5:45  Marine x2, Supply Depot  
  82  5:55  Marauder  
  82  5:57  Marine  
  82  6:03  Marine  
  86  6:04  Marauder  
  86  6:06  Medivac  
  86  6:08  Widow Mine x2  
  92  6:14  Supply Depot x2  
  92  6:15  Marine  
  92  6:16  Marauder  
  95  6:20  Medivac  
  95  6:21  Marine  
  100  6:25  Marauder  
  100  6:29  Widow Mine  
  102  6:32  Concussive Shells  
  102  6:35  Marine  
  102  6:36  Widow Mine  
  102  6:37  Supply Depot  
  102  6:38  Marauder  
  102  6:39  Marine  
  108  6:40  Terran Infantry Armor Level 1, Supply Depot  
  108  6:47  Marauder  
  110  6:53  Widow Mine, Marine  
  113  6:57  Widow Mine, Marine  
  113  6:59  Marauder  
  118  7:07  Medivac x2  
  118  7:08  Marauder  
  124  7:11  Marine  
  124  7:14  Marine, Supply Depot  
  124  7:15  Widow Mine, Supply Depot  
  128  7:18  Widow Mine  
  128  7:21  Marauder  
  132  7:29  Marauder  
  134  7:35  Marine x2  
  136  7:39  Supply Depot  
  136  7:41  Viking  
  136  7:42  Marauder, Supply Depot  
  136  7:43  Viking  
  142  7:47  Widow Mine  
  142  7:48  Widow Mine  
  142  7:51  Marauder  
  148  7:53  Marine x2  
  150  8:03  Marauder  
  152  8:11  Widow Mine x2, Marine x2, Viking  
  152  8:12  Marauder  
  162  8:13  Viking  
  164  8:25  Marauder  
  166  8:32  Marine x2  
  166  8:33  Widow Mine x2, Supply Depot  
  166  8:34  Marauder  
  174  8:35  Supply Depot  
  174  8:51  Armory  
  174  8:52  Marauder, Viking x2  
  174  8:53  Engineering Bay  
  174  8:54  Marine  
  174  8:55  Marauder, Marine  
  183  9:06  Supply Depot  
  183  9:07  Widow Mine  
  183  9:08  Widow Mine  
  187  9:14  Marauder, Marine x2  
  187  9:16  Marauder  
Tags
 
League
Platinum
Matchup
PvT
Spawn Locations
Cross Positions
Add a new tag
Caveats
  • Supply blocks, unpowered buildings, or Contaminate may cause inaccurate times.
  • Supply counts are checked every 10 seconds.